AoeStats
← Adags

Black Forest

510342157Analyzed
3v3 RM · 16h ago on Sep 30, 2026· 74m 10s· 6 players
Game mode
Random Map
Map size
Normal (6 player)
Population
200
Speed
Normal
Resources
Standard
Victory
Conquest
Starting age
Dark Age
Ending age
Imperial Age
RankedLock teamsTeams togetherTeam positionsShared explorationLock speedFull tech treeHidden civsTurbo modeCheats
Victory
Defeat
🇹🇷 Britons · Türkiye
634
+13
🇹🇷 Turks · Türkiye
535
+17
🇹🇷 Teutons · Türkiye
518
+18
🇵🇪 Inca · Peru
619
-18
🇵🇪 Portuguese · Peru
553
-16
🇨🇱 Inca · Chile
505
-14
mandiranoy
0:29 Loom
16:22 Feudal Age
19:13 Double-Bit Axe
28:42 Castle Age
SmokedMyself
0:26 Loom
12:47 Feudal Age
14:30 Double-Bit Axe
18:09 Gold Mining
23:13 Castle Age
21:55 Fletching
22:05 Horse Collar
24:14 Bow Saw
24:44 Gold Shaft Mining
24:59 Caravan
26:16 Stone Mining
28:30 Wheelbarrow
30:25 Hand Cart
32:58 Horse Collar
35:16 Bodkin Arrow
35:22 Padded Archer Armor
41:06 Leather Archer Armor
44:26 Imperial Age
44:54 Forging
48:03 Iron Casting
47:11 Elite Longbowman
47:26 Capped Ram
50:41 Bracer
52:36 Chemistry
53:29 Yeomen
53:50 Ballistics
54:03 Ring Archer Armor
54:30 Cavalier
70:47 Heavy Plow
72:04 Iron Casting
71:35 Scale Barding Armor
72:57 Onager
Adags
0:28 Loom
14:12 Feudal Age
21:40 Horse Collar
21:59 Double-Bit Axe
26:56 Castle Age
28:57 Heavy Plow
33:55 Bow Saw
43:26 Padded Archer Armor
43:17 Fletching
43:38 Forging
43:28 Scale Mail Armor
43:28 Pikeman
44:12 Squires
44:00 Arson
50:12 Imperial Age
49:17 Gambesons
48:52 Man-at-Arms
50:25 Halberdier
50:26 Long Swordsman
52:11 Chemistry
51:00 Town Watch
51:51 Wheelbarrow
52:33 Two-Man Saw
52:07 Crop Rotation
55:04 Two-Handed Swordsman
56:03 Elite Skirmisher
andresreyesm
2:36 Loom
KOKINJORGEHZ
0:39 Loom
13:25 Feudal Age
13:55 Double-Bit Axe
14:02 Gold Mining
17:56 Horse Collar
22:09 Castle Age
22:36 Arson
24:27 Bow Saw
24:21 Heavy Plow
24:21 Fletching
24:42 Forging
24:59 Thumb Ring
24:59 Squires
26:45 Pikeman
27:30 Stone Mining
29:48 Elite Skirmisher
34:01 Wheelbarrow
35:38 Hand Cart
48:12 Imperial Age
45:30 Town Watch
48:51 Town Patrol
49:18 Fortified Wall
48:56 Arrowslits
50:12 Chemistry
49:32 Ballistics
50:16 Hoardings
49:02 Elite Kamayuk
50:43 Treadmill Crane
50:54 Heated Shot
51:43 Iron Casting
51:09 Scale Mail Armor
51:04 Bodkin Arrow
51:10 Padded Archer Armor
51:38 Halberdier
51:46 Crossbowman
52:32 Guard Tower
54:08 Blast Furnace
53:24 Chain Mail Armor
53:57 Caravan
54:07 Guilds
54:35 Keep
54:11 Masonry
55:08 Gold Shaft Mining
55:03 Crop Rotation
54:27 Arbalester
55:49 Capped Ram
55:51 Heavy Scorpion
57:16 Herbal Medicine
56:52 Siege Ram
70:31 Andean Sling
70:33 Fabric Shields
Guccifer
0:30 Loom
15:03 Feudal Age
15:48 Double-Bit Axe
28:18 Castle Age
28:23 Horse Collar
28:37 Gold Mining
33:11 Thumb Ring
33:14 Padded Archer Armor
33:07 Fletching
47:31 Imperial Age
48:10 Bow Saw
50:47 Conscription
53:17 Pikeman
55:40 Two-Man Saw
54:35 Stone Mining
54:49 Heavy Plow
55:05 Forging
Connection lost

Rejoining the realm…

Still unreachable

The connection could not be restored.

Session expired

The server has moved on; the page needs a fresh start.